 Dungeon Crawl Stone Soup version 0.30-a0-696-g2367cd04db (webtiles) character file.

Game seed: 2422224890092667808

21 cforsyth the Caller (level 2, -1/19 HPs)
             Began as a Demonspawn Summoner on Jan 20, 2023.
             Slain by a gnoll
             ... wielding a +0 whip
              (7 damage)
             ... on level 2 of the Dungeon.
             The game lasted 00:03:21 (1154 turns).

cforsyth the Caller (Demonspawn Summoner)           Turns: 1154, Time: 00:03:22

Health: -1/19      AC:  2    Str:  8    XL:     2   Next: 65%
Magic:  0/5        EV: 12    Int: 16    God:
Gold:   57         SH:  0    Dex: 13    Spells: 5/6 levels left

rFire   . . .      SeeInvis .    (no weapon)
rCold   . . .      Faith    .    (no shield)
rNeg    . . .      Spirit   .    a - +0 robe
rPois   .          Reflect  .    (no helmet)
rElec   .          Harm     .    (no cloak)
rCorr   .          Rampage  .    (no gloves)
Will    .....                    (no boots)
Stlth   ++                       (no amulet)
HPRegen 0.23/turn                (no ring)
MPRegen 0.09/turn                (no ring)

@: no status effects
A: powered by pain 1
a: no special abilities


You were on level 2 of the Dungeon.
You visited 1 branch of the dungeon, and saw 2 of its levels.

You collected 57 gold pieces.

Inventory:

Armour
 a - a +0 robe (worn)
Jewellery
 c - a ring of wizardry
 d - a ring of magical power
Scrolls
 f - a scroll of fog {unknown}
 g - a scroll of brand weapon {unknown}
 h - a scroll of fear {unknown}
Potions
 b - a potion of magic
 e - a potion of attraction {unknown}


   Skills:
 - Level 1.7 Dodging
 - Level 1.7 Stealth
 + Level 2.5 Spellcasting
 + Level 4.4 Summonings


You had 5 spell levels left.
You knew the following spells:

 Your Spells              Type           Power      Damage    Failure   Level
a - Summon Small Mammal   Summ           64%        N/A       3%          1

Your spell library contained the following spells:

 Spells                   Type           Power      Damage    Failure   Level
 Call Imp                 Summ           16%        N/A       4%          2
 Call Canine Familiar     Summ           16%        N/A       10%         3
 Summon Guardian Golem    Hex/Summ       9%         N/A       24%         3
 Summon Lightning Spire   Summ/Air       9%         N/A       61%         4


Dungeon Overview and Level Annotations

Branches:
Dungeon (2/15)

Altars:


Innate Abilities, Weirdness & Mutations

You sometimes gain a little power by taking damage.


Message History

You swap places.
Your quokka bites the frilled lizard.
The gnoll misses your quokka.
The frilled lizard closely misses your quokka.
Your quokka closely misses the frilled lizard.
The gnoll hits your quokka with a +0 whip.
The frilled lizard closely misses your quokka.
Your quokka bites the frilled lizard.
The frilled lizard dies!
The gnoll hits your quokka with a +0 whip!
Your quokka dies!
Your quokka's corpse disappears in a puff of smoke!
The gnoll closely misses your rat. The gnoll hits your rat with a +0 whip!
Your rat dies!
Your rat's corpse disappears in a puff of smoke!
Your rat bites the gnoll but does no damage.
Your rat barely misses the gnoll.
You barely miss the gnoll.
Your bat hits the gnoll but does no damage. x2
Your rat bites the gnoll but does no damage.
Your bat closely misses the gnoll.
The gnoll barely misses you. The gnoll hits you with a +0 whip.
Your bat hits the gnoll. x2; The quokka bites your rat.
Your rat dies!
Your rat's corpse disappears in a puff of smoke!
The gnoll barely misses your bat.
Your bat completely misses the gnoll.
Your bat barely misses the gnoll.
Your bat hits the gnoll but does no damage. x2
The gnoll attacks as you move away! The gnoll closely misses you.
Your bat hits the gnoll but does no damage. x2
Your bat hits the gnoll. The gnoll attacks as you move away!
The gnoll hits you with a +0 whip.
Found a stone staircase leading down.
Your bat hits the gnoll but does no damage. x2
The gnoll hits your bat with a +0 halberd.
Your bat dies!
Your bat's corpse disappears in a puff of smoke!
The gnoll attacks as you move away! The gnoll hits you with a +0 whip.
The gnoll attacks as you move away! The gnoll hits you with a +0 whip!
You die...

... ... ... #.#
.>. ######## #.# .
#... ..# #.#
...###†####.# #@#
#...<...##.####g#
...#####..g.r....#
# #.##.######
#....# #.#### #.#
..# ###


You could see a gnoll.

Vanquished Creatures
  A giant cockroach (D:1)
  A ball python (D:1)
2 creatures vanquished.

Vanquished Creatures (collateral kills)
  A dart slug (D:1)
  3 ball pythons (D:1)
  2 endoplasms (D:1)
  2 goblins (D:1)
  A hobgoblin (D:1)
  A kobold (D:1)
  A quokka (D:1)
  A bat (D:1)
  3 frilled lizards
  A rat (D:1)
16 creatures vanquished.

Grand Total: 18 creatures vanquished

Notes
Turn   | Place    | Note
-------+----------+-------------------------------------------
     0 | D:1      | cforsyth the Demonspawn Summoner began the quest for the
                  | Orb.
     0 | D:1      | Reached XP level 1. HP: 13/13 MP: 3/3
   312 | D:1      | Gained mutation: You sometimes gain a little power by
                  | taking damage. [demonic ancestry]
   312 | D:1      | Reached XP level 2. HP: 19/19 MP: 0/5
  1154 | D:2      | Slain by a gnoll

Illustrated notes

Levels and vault maps discovered:
D:1:      shiori_arrival_elements, layout_loops_ring, minmay_pentomino_s2
D:2:      minmay_general_purpose_star, layout_loops_cross,
          hellmonk_ecumenical_altar_inner_sanctum

Action                   || total
-------------------------++-------
Melee: Unarmed           ||    33
       Punch             ||     1
 Cast: Summon Small Mamm ||    40
Armor: Robe              ||    13
Dodge: Dodged            ||    35

Table legend: (Time is in decaauts)
 A = Elapsed time spent in this place.
 B = Non-inter-level travel time spent in this place.
 C = Inter-level travel time spent in this place.
 D = Time resting spent in this place.
 E = Time spent auto-exploring this place.
 F = Levels seen in this place.
 G = Mean time per level.
                   A        B        C        D        E       F      G
               +--------+--------+--------+--------+--------+-----+--------+
         Total |   1153 |   1103 |     50 |      0 |    816 |   2 |  576.5 |
       Dungeon |   1153 |   1103 |     50 |      0 |    816 |   2 |  576.5 |
               +--------+--------+--------+--------+--------+-----+--------+

Top non-repeatable levels by time:
     D:1: 1132 daAuts
     D:2: 21 daAuts
